 Dungeon Crawl Stone Soup version 0.24-a0-513-g284f782 (webtiles) character file.

Game seed: 17206685926641532826

3413 HarryHood the Fighter (level 9, 0/90 HPs)
             Began as a Minotaur Berserker on July 8, 2019.
             Was a High Priest of Trog.
             Slain by Erica
             ... wielding a +3 scimitar of flaming
              (6 damage)
             ... on level 8 of the Dungeon on July 21, 2019.
             The game lasted 00:40:36 (7424 turns).

HarryHood the Fighter (Minotaur Berserker)          Turns: 7424, Time: 00:40:36

Health: 0/90       AC:  9    Str: 24    XL:     9   Next: 76%
Magic:  8/8        EV: 11    Int:  4    God:    Trog [*****.]
Gold:   446        SH:  0    Dex: 14    Spells: 8/8 levels left

rFire    . . .     SeeInvis .   a - +1 flail
rCold    . . .     Gourm    .   (no shield)
rNeg     . . .     Faith    .   h - +0 scale mail
rPois    .         Spirit   .   (helmet restricted)
rElec    .         Reflect  .   v - +1 cloak
rCorr    +         Harm     .   (no gloves)
MR       .....                  (no boots)
Stlth    ..........             (no amulet)
HPRegen  0.25/turn              w - ring of resist corrosion
MPRegen  0.11/turn              p - +3 ring of dexterity

@: no status effects
A: retaliatory headbutt, horns 2
a: Berserk, Trog's Hand, Brothers in Arms, Renounce Religion


You were on level 8 of the Dungeon.
You worshipped Trog.
Trog was extremely pleased with you.
You were not hungry.

You visited 2 branches of the dungeon, and saw 9 of its levels.
You also visited: Sewer.

You collected 446 gold pieces.

Inventory:

Hand Weapons
 a - a +1 flail (weapon)
 b - a +0 hunting sling
Missiles
 j - 291 stones (quivered)
 q - 5 boomerangs
 y - 16 sling bullets
Armour
 h - a +0 scale mail (worn)
 v - a +1 cloak (worn)
Jewellery
 d - an uncursed ring of protection from magic
 m - an uncursed ring of positive energy
 p - a +3 ring of dexterity (right hand)
 w - a ring of resist corrosion (left hand)
Scrolls
 c - a scroll of blinking {@r7}
 f - 5 scrolls of teleportation {@r0}
 o - 3 scrolls of remove curse {@r1}
 r - 2 scrolls of identify
 u - a scroll of fear
Potions
 g - 5 potions of curing {@q2}
 i - 2 potions of brilliance
 k - 9 potions of flight
 l - a potion of might
 n - 3 potions of agility
 s - a potion of ambrosia {unknown}
 t - a potion of invisibility {unknown}
 x - 2 potions of heal wounds {@q1}
Comestibles
 e - 7 rations {@e1}


   Skills:
 - Level 12.0 Fighting
 * Level 10.9 Maces & Flails
 - Level 6.1 Armour
 - Level 2.1 Dodging


You had 8 spell levels left.
You didn't know any spells.
Your spell library was empty.

Dungeon Overview and Level Annotations

Branches:
Dungeon (8/15)             Temple (1/1) D:7
   Lair: D:8-11

Altars:
Fedhas
Nemelex Xobeh
Okawaru
Qazlal
Trog
Uskayaw
Vehumet
Wu Jian
Yredelemnul
Zin
The Shining One

Annotations:
D:2 2 transporters
D:3 exclusion: oklob plant
D:8 Erica


Innate Abilities, Weirdness & Mutations

You reflexively headbutt those who attack you in melee.
You have a pair of horns on your head.


Message History

Something hits you.
* * * LOW HITPOINT WARNING * * *
Something burns you.
* * * LOW HITPOINT WARNING * * *
You take 8 damage, and have 16/90 hp.
You sock the centaur skeleton!
The centaur skeleton closely misses you.
Something hits you.
* * * LOW HITPOINT WARNING * * *
Something burns you.
* * * LOW HITPOINT WARNING * * *
You take 9 damage, and have 7/90 hp.
You sock something! You headbutt something.
The centaur skeleton hits you but does no damage.
Something hits you but does no damage.
You closely miss something. Your headbutt misses something.
The centaur skeleton hits you.
* * * LOW HITPOINT WARNING * * *
Something hits you.
You die...

#.......
#...... #.....
####+##....
..........
.........#
.........######
..........5{@.#
...:.....####Z#
.###+###....#.#
#.#<.#.#
#.####.# #.. .#
### ##


You could see a shadow imp and a centaur skeleton.

Vanquished Creatures
  An unseen horror (D:7)
  Pikel (D:7)
  Grinder (Sewer)
  The ghost of mikethemayor the Charmwright, an amateur FoSk (D:3)
  An ice beast (D:7)
  A slave (D:7)
  A black bear (D:6)
  3 phantoms
  3 centaurs (D:5)
  An ogre (D:5)
  3 big kobolds
  A bullfrog (D:6)
  A howler monkey (D:4)
  A crimson imp (D:7)
  2 quasits (Sewer)
  3 hounds
  2 jellies
  5 orc wizards
  An orc priest (D:4)
  A centaur skeleton (D:5)
  A bullfrog skeleton (D:7)
  2 worker ants
  5 big kobold zombies (Sewer)
  2 hound skeletons
  2 howler monkey skeletons (D:5)
  6 gnolls
  13 adders
  6 shadow imps
  2 ufetubi (Sewer)
  3 oozes
  2 adder zombies (Sewer)
  An adder skeleton (D:4)
  2 worms (D:2)
  3 dart slugs
  8 leopard geckos
  22 orcs
  12 bats
  12 giant cockroaches
  2 gnoll zombies (D:7)
  8 goblins
  7 hobgoblins
  5 jackals
  3 quokkas
  5 ball pythons
  3 frilled lizards
  16 kobolds
  A kobold zombie (Sewer)
  4 leopard gecko skeletons
  2 quokka skeletons
  6 rats
200 creatures vanquished.

Vanquished Creatures (others)
  A bat zombie (Sewer)
  A giant cockroach zombie (Sewer)
  16 toadstools (D:3)
18 creatures vanquished.

Grand Total: 218 creatures vanquished

Notes
Turn   | Place    | Note
-------+----------+-------------------------------------------
     0 | D:1      | HarryHood the Minotaur Berserker began the quest for the
                  | Orb.
     0 | D:1      | Reached XP level 1. HP: 19/19 MP: 0/0
    56 | D:1      | Reached skill level 4 in Fighting
    78 | D:1      | Reached XP level 2. HP: 12/28 MP: 1/1
   764 | D:1      | Reached skill level 5 in Fighting
   804 | D:1      | Reached XP level 3. HP: 36/36 MP: 2/2
  1266 | D:2      | Reached ** piety under Trog
  1410 | D:2      | Reached skill level 6 in Fighting
  1410 | D:2      | Reached XP level 4. HP: 44/44 MP: 3/3
  1604 | D:2      | Noticed a sky beast
  1605 | D:2      | Found a transporter.
  1610 | D:2      | Noticed an orc warrior
  1658 | D:2      | Found a transporter.
  1666 | D:2      | Found an ornate altar of the Wu Jian Council.
  1708 | D:2      | Reached skill level 4 in Maces & Flails
  2332 | D:3      | Reached XP level 5. HP: 50/50 MP: 4/4
  2343 | D:3      | Found a large runed translucent door.
  2343 | D:3      | Found a large runed translucent door.
  2343 | D:3      | Noticed mikethemayor's ghost (amateur FoSk)
  2356 | D:3      | Killed mikethemayor's ghost
  2356 | D:3      | Reached skill level 6 in Maces & Flails
  2552 | D:3      | Upgraded the game from 0.24-a0-479-g9a978d2 to
                  | 0.24-a0-513-g284f782
  2670 | D:3      | Reached XP level 6. HP: 57/57 MP: 5/5
  2702 | D:3      | Found a stormy altar of Qazlal.
  2920 | D:3      | Reached skill level 7 in Fighting
  3092 | D:3      | Found a blossoming altar of Fedhas.
  3110 | D:3      | Noticed an oklob plant
  3602 | D:4      | Reached *** piety under Trog
  3639 | D:4      | Reached skill level 8 in Fighting
  3639 | D:4      | Reached XP level 7. HP: 66/68 MP: 6/6
  3739 | D:4      | Reached skill level 9 in Fighting
  3888 | D:4      | Reached skill level 7 in Maces & Flails
  4337 | D:5      | Entered Level 5 of the Dungeon
  4394 | D:5      | Found a glowing drain.
  4408 | D:5      | Reached **** piety under Trog
  4418 | Sewer    | Entered a sewer
  4491 | Sewer    | Reached skill level 8 in Maces & Flails
  4544 | Sewer    | Found a burning altar of Makhleb.
  4553 | Sewer    | Reached XP level 8. HP: 71/78 MP: 7/7
  4572 | Sewer    | Noticed Grinder
  4585 | Sewer    | Killed Grinder
  4585 | Sewer    | Reached skill level 9 in Maces & Flails
  4648 | Sewer    | Reached skill level 3 in Armour
  4685 | Sewer    | Reached skill level 4 in Armour
  4875 | D:5      | Found a hide-covered altar of Uskayaw.
  4875 | D:5      | Found an iron altar of Okawaru.
  4875 | D:5      | Found a radiant altar of Vehumet.
  4924 | D:5      | Found a bloodstained altar of Trog.
  4939 | D:5      | Reached skill level 5 in Armour
  5013 | D:5      | Found a glowing silver altar of Zin.
  5013 | D:5      | Noticed an angel
  5276 | D:5      | Reached ***** piety under Trog
  5348 | D:5      | Found a glowing golden altar of the Shining One.
  5378 | D:5      | Reached skill level 6 in Armour
  6026 | D:6      | Reached skill level 10 in Fighting
  6033 | D:6      | Reached XP level 9. HP: 79/85 MP: 8/8
  6294 | D:7      | Found a flagged portal.
  6323 | D:7      | Found a basalt altar of Yredelemnul.
  6427 | D:7      | Killed an unseen horror
  6427 | D:7      | Reached skill level 11 in Fighting
  6511 | D:7      | Reached skill level 12 in Fighting
  6733 | D:7      | Found a staircase to the Ecumenical Temple.
  6733 | D:7      | Noticed Pikel
  6749 | D:7      | Killed Pikel
  6749 | D:7      | Reached skill level 10 in Maces & Flails
  6754 | Temple   | Entered the Ecumenical Temple
  7397 | D:8      | Noticed Erica
  7422 | D:8      | HP: 7/90 [something (3)]
  7424 | D:8      | Slain by Erica

Levels and vault maps discovered:
D:1:      roderic_chinese_lattice_arrival, layout_basic, serial_forest,
          infiniplex_forest_lined_corner, infiniplex_forest_lined_3,
          infiniplex_forest_end_1, infiniplex_forest_clump_curved,
          infiniplex_forest_pool, infiniplex_forest_lined_1,
          infiniplex_forest_lined_room_, infiniplex_forest_clump_diagonal,
          infiniplex_forest_clump_medium
D:2:      layout_basic, gammafunk_temple_overflow_arena, first_ration
D:3:      layout_loops_ring, tgw_fedhas, grunt_qazlal_clouds,
          ebering_ghost_disaster_area
D:4:      layout_cave_pools, nicolae_overflow_hidden_temple
D:5:      layout_layer_cave, zin_angel, lemuel_doored_altar,
          gammafunk_temple_overflow_forgotten, portal_sewer_entry_f,
          st_stairs_9, trog_book
D:6:      layout_rooms
D:7:      layout_basic, lemuel_zombie_altar_yredelemnul,
          minmay_temple_entry_purple_smoke, enter_bailey_2, uniq_pikel
D:8:      layout_basic, lemuel_crystal_altar, serial_glass, glass_columns_b,
          glass_columns_a, glass_columns_b, glass_columns_b, glass_columns_c,
          glass_columns_c, hangedman_ranch [blue_anna_fruit_fields], uniq_erica
Temple:   dpeg_chambers_temple

Skill      XL: |  1  2  3  4  5  6  7  8  9 |
---------------+----------------------------+-----
Fighting       | 4 5 6 8 9 10 12 | 12.0
Maces & Flails | 4 6 8 9 10 | 10.9
Armour         | 6 |  6.1
Dodging        | |  2.1

Action                   |  1- 3 |  4- 6 |  7- 9 || total
-------------------------+-------+-------+-------++-------
Melee: Mace              |    79 |   117 |   227 ||   423
       Headbutt          |    15 |    20 |    75 ||   110
       Flail             |       |       |    90 ||    90
Invok: Berserk           |       |     1 |     1 ||     2
  Use: Scroll            |     1 |     8 |     8 ||    17
  Eat: Chunk             |     2 |     8 |    10 ||    20
       Ration            |       |       |     1 ||     1
Armor: Animal skin       |     5 |       |       ||     5
       Scale mail        |    17 |    43 |   134 ||   194
Dodge: Dodged            |    56 |    69 |   192 ||   317

Table legend:
 A = Non-vault XP
 B = Vault XP
 C = Vault XP percentage of total XP
 D = Non-vault monster count
 E = Vault monster count
 F = Vault count percentage of total count
                 A         B        C        D         E       F
            +---------+---------+-------+---------+---------+-------
      Total |    3321 |    1555 |  31.9 |     158 |      41 |  20.6
            +---------+---------+-------+---------+---------+-------
        D:1 |      47 |       0 |   0.0 |      23 |       0 |   0.0
        D:2 |      96 |       0 |   0.0 |      21 |       0 |   0.0
        D:3 |     250 |     178 |  41.6 |      28 |       1 |   3.4
        D:4 |     564 |       0 |   0.0 |      34 |       0 |   0.0
        D:5 |     711 |      14 |   1.9 |      22 |       7 |  24.1
        D:6 |     311 |       0 |   0.0 |      10 |       0 |   0.0
        D:7 |    1326 |     667 |  33.5 |      18 |       3 |  14.3
        D:8 |      16 |       0 |   0.0 |       2 |       0 |   0.0
      Sewer |       0 |     696 | 100.0 |       0 |      30 | 100.0
            +---------+---------+-------+---------+---------+-------
